 Dungeon Crawl Stone Soup version 0.27.0-1-g7a089689b8 (webtiles) character file.

Game seed: 1926812195700189149

14129 dtburroughs the Cleaver (level 11, 0/102 HPs)
             Began as a Minotaur Berserker on Aug 4, 2021.
             Was an Elder of Trog.
             Slain by a cyclops (7 damage)
             ... on level 12 of the Dungeon.
             The game lasted 00:23:06 (15208 turns).

dtburroughs the Cleaver (Minotaur Berserker)       Turns: 15208, Time: 00:23:06

Health: 0/102      AC: 14    Str: 28    XL:     11   Next: 84%
Magic:  0/10       EV: 14    Int:  7    God:    Trog [****..]
Gold:   660        SH:  0    Dex: 10    Spells: 10/10 levels left

rFire    . . .     SeeInvis .   O - +0 battleaxe
rCold    + . .     Faith    .   (shield currently unavailable)
rNeg     . . .     Spirit   +   F - +6 ring mail of Xowoptu {rC+ Will+}
rPois    .         Reflect  .   (helmet restricted)
rElec    .         Harm     .   p - +0 cloak
rCorr    +         Rampage  .   (no gloves)
Will     +....                  (no boots)
Stlth    ..........             B - amulet of guardian spirit
HPRegen  0.27/turn              g - +6 ring of strength
MPRegen  0.12/turn              i - ring of resist corrosion

@: mighty, on berserk cooldown, slowed, very slow
A: horns 2, retaliatory headbutt
a: Renounce Religion, Berserk, Trog's Hand, Brothers in Arms


You were on level 12 of the Dungeon.
You worshipped Trog.
Trog was greatly pleased with you.
You visited 1 branch of the dungeon, and saw 12 of its levels.
You also visited: Sewer.

You collected 660 gold pieces.

Inventory:

Hand Weapons
 b - a +1 morningstar of protection
 L - a +0 war axe
 O - a +0 battleaxe (weapon)
Armour
 p - a +0 cloak (worn)
 F - the +6 ring mail of Xowoptu (worn) {rC+ Will+}
   (You found it on level 7 of the Dungeon)

   rC:        It protects you from cold.
   Will:      It increases your willpower.
 P - a +0 plate armour
Jewellery
 a - a +6 ring of strength
 d - a +6 ring of dexterity
 g - a +6 ring of strength (left hand)
 i - a ring of resist corrosion (right hand)
 n - a ring of see invisible
 o - a +6 ring of strength
 B - an amulet of guardian spirit (around neck)
 D - a ring of ice
Wands
 m - a wand of flame (63)
 H - a wand of iceblast (12)
 J - a wand of digging (6)
Scrolls
 e - a scroll of silence {unknown}
 f - 2 scrolls of enchant weapon {unknown}
 j - a scroll of vulnerability {unknown}
 k - 2 scrolls of magic mapping
 l - a scroll of holy word {unknown}
 q - 2 scrolls of torment {unknown}
 s - 9 scrolls of teleportation
 t - a scroll of acquirement {unknown}
 v - 2 scrolls of summoning
 w - a scroll of blinking {unknown}
 x - 2 scrolls of fog {unknown}
 y - 2 scrolls of fear {unknown}
 E - a scroll of enchant armour {unknown}
 N - 4 scrolls of identify
Potions
 h - a potion of lignification {unknown}
 r - 2 potions of mutation
 u - 2 potions of brilliance {unknown}
 z - 3 potions of cancellation
 A - 3 potions of curing
 C - 2 potions of haste
 G - a potion of flight {unknown}
 I - 2 potions of might
 K - a potion of degeneration {unknown}
Miscellaneous
 c - a tin of tremorstones (2/2)
 M - a phial of floods


   Skills:
 + Level 11.0 Fighting
 + Level 11.0 Axes
 + Level 10.7 Armour
 + Level 9.9 Dodging
 + Level 7.5 Evocations


You had 10 spell levels left.
You didn't know any spells.
Your spell library was empty.

Dungeon Overview and Level Annotations

Branches:
Dungeon (12/15)            Temple (0/1) D:5            Lair (0/6) D:11
  Sewer (visited)
    Orc: D:9-12

Altars:
Ashenzari
Cheibriados
Fedhas
Gozag
Hepliaklqana
Kikubaaqudgha
Nemelex Xobeh
Okawaru
Qazlal
Trog
Vehumet
Xom
Yredelemnul
Zin
The Shining One

Shops:
D:1 =   D:7 *   D:10 *   D:12 [

Annotations:
D:3 2 runed translucent doors
D:11 3 runed translucent doors, Sobieck's ghost, journeyman DrFE


Innate Abilities, Weirdness & Mutations

You have a pair of horns on your head.
You reflexively headbutt those who attack you in melee.


Message History

You barely miss the gargoyle.
The gargoyle is severely damaged.
The gargoyle hits you with a +0 morningstar.
You hit the gargoyle.
You headbutt the gargoyle, but do no damage.
The gargoyle is almost destroyed.
The gargoyle hurls a stone arrow at you.
The stone arrow hits you!!
You barely miss the gargoyle.
The gargoyle is almost destroyed.
The gargoyle hurls a stone arrow at you.
The stone arrow misses you.
A cyclops comes into view.
You barely miss the gargoyle.
The gargoyle is almost destroyed.
The cyclops shouts!
You hear a shout!
The gargoyle hits you with a +0 morningstar!
The gargoyle hurls a stone arrow at you.
The stone arrow hits you!!
* * * LOW HITPOINT WARNING * * *
A red film seems to cover your vision as you go berserk!
You feel yourself moving faster!
You feel mighty!
The cyclops throws a large rock.
The large rock hits you!!
* * * LOW HITPOINT WARNING * * *
The gargoyle barely misses you. You furiously retaliate!
You headbutt the gargoyle.
You destroy the gargoyle!
Trog accepts your kill.
Your Fighting skill increases to level 11!
You feel a strong urge to attack something.
You see here a +0 morningstar.
You feel your anger nearly subside.
You are no longer berserk.
You are exhausted.
You feel yourself slow down.
It was a potion of might.
You feel very mighty all of a sudden.
You slice the cyclops!! You headbutt the cyclops!
The cyclops is severely wounded.
The cyclops hits you!
You die...

#........#.....
#.............# ####
#...#.C......#
#..###...........#
##......###(###..##
##......## #.#$##.#
###......## #.#..###
#.......## #.#.#.#.#..
........# #)#@.....#
........### #.#C####..#
.............###.....#..
........##### ####.# .#
........# . ........##
.........## ..........#
...........


You could see a cyclops.

Vanquished Creatures
  4 two-headed ogres
  An oklob plant (D:11)
  An ugly thing (D:12)
  3 cyclopes (D:12)
  A manticore (D:12)
  Maurice (D:11)
  2 unseen horrors
  2 gargoyles
  2 trolls (D:12)
  A hornet (D:9)
  A vampire (D:12)
  A shadow (D:10)
  4 wraiths
  18 yaks
  Grum (D:8)
  2 water moccasins
  An orc warrior (D:12)
  4 ice beasts
  A black bear (D:5)
  An ogre (D:6)
  A necrophage (D:4)
  2 wolves (D:8)
  8 centaurs
  A phantom (D:5)
  A kobold brigand (D:7)
  3 bullfrogs (D:8)
  A scorpion (D:6)
  A wyvern skeleton (D:7)
  2 water moccasin skeletons
  A killer bee (D:7)
  4 electric eels (D:10)
  4 howler monkeys
  A bullfrog zombie (D:6)
  3 centaur zombies
  3 hounds
  A gnoll shaman (D:8)
  A jelly (D:7)
  3 orc priests
  A bullfrog skeleton (D:6)
  2 centaur skeletons
  An iguana (D:4)
  Natasha (thrice) (D:2)
  2 orc wizards
  2 scorpion zombies (D:5)
  2 river rats (D:6)
  6 adders
  A white imp (D:5)
  An ufetubus (D:7)
  2 adder skeletons (D:4)
  2 worms
  7 orcs
  13 ball pythons
  6 bats
  An endoplasm (D:4)
  4 giant cockroaches
  5 goblins
  5 hobgoblins
  25 jackals
  11 kobolds
  2 quokkas
  4 frilled lizards
  5 rats
206 creatures vanquished.

Vanquished Creatures (others)
  30 plants
30 creatures vanquished.

Grand Total: 236 creatures vanquished

Notes
Turn   | Place    | Note
-------+----------+-------------------------------------------
     0 | D:1      | dtburroughs the Minotaur Berserker began the quest for the
                  | Orb.
     0 | D:1      | Reached XP level 1. HP: 19/19 MP: 0/0
    92 | D:1      | Found Hilaed's Jewellery Shop.
   352 | D:1      | Found a faded altar of an unknown god.
   356 | D:1      | Reached XP level 2. HP: 27/27 MP: 1/1
   696 | D:1      | You fall into a shaft and drop 1 floor!
   881 | D:1      | Reached ** piety under Trog
   882 | D:1      | Reached XP level 3. HP: 33/33 MP: 2/2
  1395 | D:2      | Noticed Natasha
  1412 | D:2      | Killed Natasha
  1413 | D:2      | Reached XP level 4. HP: 15/40 MP: 3/3
  1864 | D:2      | Noticed Natasha
  1885 | D:2      | Killed Natasha
  2463 | D:2      | Noticed Natasha
  2469 | D:2      | Killed Natasha
  2648 | D:3      | Reached XP level 5. HP: 47/47 MP: 4/4
  2666 | D:3      | Found a large runed translucent door.
  2666 | D:3      | Found a large runed translucent door.
  2671 | D:3      | Found a shimmering altar of Xom.
  3312 | D:3      | Found a hazy altar of Hepliaklqana.
  3585 | D:4      | Reached skill level 5 in Axes
  3611 | D:4      | Reached *** piety under Trog
  3742 | D:4      | Reached skill level 5 in Fighting
  3774 | D:4      | Found a radiant altar of Vehumet.
  3775 | D:4      | Found a glowing golden altar of the Shining One.
  3840 | D:4      | Noticed a necrophage
  3851 | D:4      | Killed a necrophage
  3852 | D:4      | Reached XP level 6. HP: 56/56 MP: 5/5
  4289 | D:5      | Entered Level 5 of the Dungeon
  4301 | D:5      | Found a staircase to the Ecumenical Temple.
  4322 | D:5      | Reached skill level 1 in Evocations
  4525 | D:5      | Reached XP level 7. HP: 61/61 MP: 6/6
  4532 | D:5      | Reached skill level 5 in Armour
  4684 | D:5      | Found an iron altar of Okawaru.
  4977 | D:5      | Noticed an angel
  4978 | D:5      | Found a glowing silver altar of Zin.
  4978 | D:5      | Found a shimmering altar of Xom.
  5223 | D:5      | Found a stormy altar of Qazlal.
  5339 | D:6      | Reached skill level 5 in Dodging
  5383 | D:6      | Reached XP level 8. HP: 48/70 MP: 7/7
  5514 | D:6      | Found a snail-covered altar of Cheibriados.
  5594 | D:6      | Found a glowing drain.
  5603 | Sewer    | Entered a sewer
  5737 | Sewer    | Reached **** piety under Trog
  7116 | D:7      | Found Gozag's Platinum Reserve.
  7243 | D:7      | Found an ancient bone altar of Kikubaaqudgha.
  7526 | D:7      | Identified the +6 ring mail of Xowoptu {rC+ Will+}
  7648 | D:7      | Found an opulent altar of Gozag.
  7664 | D:7      | Reached XP level 9. HP: 79/79 MP: 8/8
  8168 | D:7      | Found a broken altar of Ashenzari.
  8397 | D:8      | Found a blossoming altar of Fedhas.
  8736 | D:8      | Noticed Grum
  8746 | D:8      | Killed Grum
  8919 | D:8      | Identified the +1 hand crossbow of Mourning {venom, Fly
                  | rElec Str+6 Int-4}
  9371 | D:9      | Reached skill level 5 in Evocations
  9516 | D:9      | Noticed a two-headed ogre
  9528 | D:9      | Killed a two-headed ogre
  9529 | D:9      | Reached XP level 10. HP: 81/90 MP: 4/9
 10082 | D:9      | Noticed a two-headed ogre
 10238 | D:9      | Killed a two-headed ogre
 10428 | D:10     | Entered Level 10 of the Dungeon
 12862 | D:10     | Found a bloodstained altar of Trog.
 12962 | D:10     | Noticed a two-headed ogre
 12977 | D:10     | Killed a two-headed ogre
 13093 | D:10     | Found a sparkling altar of Nemelex Xobeh.
 13122 | D:10     | Found Sout's Assorted Antiques.
 13267 | D:10     | Found a basalt altar of Yredelemnul.
 13456 | D:11     | Reached XP level 11. HP: 95/99 MP: 10/10
 13568 | D:11     | Reached skill level 10 in Fighting
 13568 | D:11     | Reached skill level 10 in Axes
 13789 | D:11     | Found a runed translucent gate.
 13790 | D:11     | Found a runed translucent gate.
 13791 | D:11     | Found a runed translucent gate.
 13893 | D:11     | Noticed Sobieck's ghost (journeyman DrFE)
 13958 | D:11     | Noticed Maurice
 13962 | D:11     | Noticed a two-headed ogre
 13970 | D:11     | Killed Maurice
 13972 | D:11     | Killed a two-headed ogre
 14104 | D:11     | Found a staircase to the Lair.
 14104 | D:11     | Noticed an oklob plant
 14284 | D:11     | Reached skill level 10 in Armour
 14681 | D:11     | Killed an oklob plant
 14990 | D:12     | Noticed a deep elf pyromancer
 15045 | D:12     | Found Jitaxoxe's Armour Shop.
 15123 | D:12     | Noticed a green ugly thing
 15142 | D:12     | Killed a green ugly thing
 15198 | D:12     | HP: 6/151 [cyclops/large rock (21)]
 15208 | D:12     | Slain by a cyclops

Illustrated notes

Levels and vault maps discovered:
D:1:      heliophobic_arrival_dark_side_of_the_moon, layout_loops_corners,
          chequers_ecumenical_altar_simple, serial_shops,
          nicolae_shop_temple_entry_statues_fountains
D:2:      layout_basic, uniq_natasha
D:3:      due_chaos_kobolds, layout_loops_ring,
          nicolae_hepliaklqana_hippocampus, serial_forest,
          infiniplex_forest_lined_3, infiniplex_forest_lined_room_2,
          infiniplex_forest_clump_double, infiniplex_forest_end_2,
          infiniplex_forest_clump_diagonal, infiniplex_forest_3_way,
          infiniplex_forest_corner_1, serial_bayou_pond_a
D:4:      layout_loops_cross, chequers_temple_overflow_statue_of_worship
D:5:      layout_basic, grunt_temple_overflow_order_and_chaos_1,
          mainiacjoe_overflow_boulevard, okawaru_gym_becter,
          minmay_temple_entry_gardened_gates
D:6:      layout_basic, general_overflow_altar, gup_sewer_entry_bubbles
D:7:      layout_basic, nicolae_gozag_zags_fifth_avenue,
          mainiacjoe_overflow_chevrons, mainiacjoe_overflow_alcove_4,
          serial_park_tiny_2, minmay_misc_feat_rows,
          minmay_fractal_squares_gapless_5
D:8:      minmay_general_purpose_star, layout_loops_ring,
          fedhas_bush_and_centaur_altar, uniq_grum
D:9:      layout_loops_ring
D:10:     layout_basic, marbit_many_paths, mainiacjoe_overflow_surrounded_room,
          bloody_trog, serial_shops, nicolae_shop_overgrown_old_shop
D:11:     layout_rooms, dpeg_oklobed_lair, gammafunk_ghost_spectres,
          serial_corexii_hall, corexii_hall_statues_l, corexii_hall_statues_i,
          uniq_maurice
D:12:     minmay_the_grid_octo_triangle [minmay_the_grid_octo_checkerflower,
          minmay_the_grid_octo_prize_ultimate_mussel_roller,
          minmay_the_grid_octo_clover], layout_cave_pools, orc_0_dummy,
          serial_shops, shop, nicolae_twisting_strands, minmay_crystal_room

Skill      XL: |  1  2  3  4  5  6  7  8  9 10 11 |
---------------+----------------------------------+-----
Fighting       | 4 5 6 7 8 9 11 | 11.0
Axes           | 4 5 6 7 8 9 11 | 11.0
Armour         | 3 4 5 6 8 9 10 | 10.7
Dodging        | 3 4 5 6 7 8 9 |  9.9
Evocations     | 1 2 3 5 6 7 |  7.5

Action                   |  1- 3 |  4- 6 |  7- 9 | 10-12 || total
-------------------------+-------+-------+-------+-------++-------
Melee: Hand axe          |    59 |   108 |   176 |       ||   343
       Headbutt          |    10 |    24 |    59 |    69 ||   162
       Morningstar       |       |       |    75 |       ||    75
       War axe           |       |       |    16 |   201 ||   217
       Battleaxe         |       |       |       |    56 ||    56
Invok: Berserk           |     1 |     1 |     1 |     5 ||     8
       Trog's Hand       |       |       |     2 |     4 ||     6
Evoke: Wand              |       |     1 |       |    12 ||    13
  Use: Scroll            |       |       |     7 |       ||     7
       Potion            |       |       |       |     1 ||     1
 Stab: Paralysed         |       |       |       |     3 ||     3
Armor: Animal skin       |     4 |       |       |       ||     4
       Scale mail        |     9 |    53 |    97 |       ||   159
       Ring mail         |       |       |    59 |    67 ||   126
Dodge: Dodged            |    34 |    73 |   224 |   154 ||   485
